 Dungeon Crawl Stone Soup version 0.29.1-2-gbd0b4ee654 (webtiles) character file.

Game seed: 16510630101058247720

120838 Anriel the Fencer (level 17, -4/132 HPs)
             Began as a Human Gladiator on Nov 1, 2022.
             Was a High Priest of Okawaru.
             Killed from afar by Aizul (30 damage)
             ... with a bolt of poison
             ... on level 1 of the Snake Pit.
             The game lasted 02:35:28 (21337 turns).

Anriel the Fencer (Human Gladiator)                Turns: 21337, Time: 02:35:29

Health: -4/132     AC: 31    Str: 29    XL:     17   Next: 38%
Magic:  24/24      EV: 15    Int: 12    God:    Okawaru [*****.]
Gold:   199        SH:  0    Dex: 22    Spells: 16/16 levels left

rFire   + . .      SeeInvis .   h - +8 triple sword (flame)
rCold   . . .      Faith    .   (shield currently unavailable)
rNeg    . . .      Spirit   .   I - +3 plate armour {rF+}
rPois   .          Reflect  .   V - +1 helmet {Int+3}
rElec   .          Harm     .   t - +2 cloak
rCorr   .          Rampage  .   S - +1 pair of gloves of Oddiell {Str+4 Stlth+}
Will    +....                   k - +1 pair of boots of the Divine God {Regen+}
Stlth   ..........              w - amulet of regeneration
HPRegen 1.92/turn               g - +4 ring of evasion
MPRegen 0.19/turn               c - ring "Goklum" {+Blink Str+4 Dex+6 Stlth-}

@: lethally poisoned (-4 -> -12), studying Evocations
A: no striking features
a: Renounce Religion, Evoke Blink, Heroism, Finesse, Duel


You were on level 1 of the Snake Pit.
You worshipped Okawaru.
Okawaru was extremely pleased with you.
You visited 6 branches of the dungeon, and saw 25 of its levels.
You visited 1 bazaar.
You also visited: Volcano.

You collected 2764 gold pieces.
You spent 2565 gold pieces at shops.

Inventory:

Hand Weapons
 a - a +2 vampiric long sword
 h - a +8 triple sword of flaming (weapon)
 q - a +3 great sword of flaming
 B - the +5 arbalest "Pakaz" {elec, Will+ Dex+2}
   (You bought it in a shop on level 5 of the Dungeon)

   Any ammunition fired from it occasionally discharges a powerful burst of
   electricity upon striking a foe.
   Dex:       It affects your dexterity (+2).
   Will:      It increases your willpower.
Missiles
 b - 2 boomerangs
 d - 3 throwing nets
 i - a silver javelin
 l - 11 javelins (quivered)
 v - 3 silver boomerangs
Armour
 j - a +2 plate armour of cold resistance
 k - the +1 pair of boots of the Divine God (worn) {Regen+}
   (Okawaru gifted it to you on level 14 of the Dungeon)

   Regen:     It increases your rate of health regeneration.
 t - a +2 cloak (worn)
 I - a +3 plate armour of fire resistance (worn)
 S - the +1 pair of gloves of Oddiell (worn) {Str+4 Stlth+}
   (Okawaru gifted it to you on level 13 of the Dungeon)

   Str:       It affects your strength (+4).
   Stlth:     It makes you more stealthy.
 V - a +1 helmet of intelligence (worn)
Jewellery
 c - the ring "Goklum" (right hand) {+Blink Str+4 Dex+6 Stlth-}
   (You acquired it on level 15 of the Dungeon)

   [ring of dexterity]

   Str:       It affects your strength (+4).
   Dex:       It affects your dexterity (+6).
   +Blink:    It lets you blink.
   Stlth:     It makes you less stealthy.
 g - a +4 ring of evasion (left hand)
 r - the ring "Sigell" {Wiz Slay+2}
   (You bought it in a shop on level 2 of the Orcish Mines)

   [ring of wizardry]

   It improves your spell success rate.
   Slay:      It affects your accuracy & damage with ranged weapons and melee
   (+2).
 w - an amulet of regeneration (around neck)
 y - an amulet of guardian spirit
 C - a ring of protection from fire
 D - a ring of protection from cold
 F - an amulet of the acrobat
 H - a ring of positive energy
 Q - an amulet of reflection
Wands
 x - a wand of flame (38)
 A - a wand of iceblast (1)
 E - a wand of polymorph (12)
 P - a wand of digging (6)
Scrolls
 e - 3 scrolls of immolation
 m - 6 scrolls of fog
 n - 8 scrolls of identify
 o - 2 scrolls of magic mapping
 u - a scroll of blinking
 z - 10 scrolls of teleportation
 K - a scroll of silence
 W - 3 scrolls of fear
Potions
 f - 5 potions of curing
 s - 5 potions of haste
 G - a potion of invisibility
 J - 3 potions of cancellation
 M - a potion of berserk rage
 O - a potion of magic
 R - 10 potions of ambrosia
Miscellaneous
 N - a phial of floods


   Skills:
 + Level 11.6 Fighting
 + Level 18.5 Long Blades
 * Level 9.8 Ranged Weapons
 + Level 2.6 Throwing
 * Level 14.3 Armour
 + Level 4.8 Dodging
 + Level 10.2 Invocations
 * Level 8.1 Evocations


You had 16 spell levels left.
You didn't know any spells.
Your spell library contained the following spells:

 Spells                   Type           Power      Damage    Failure   Level
 Beastly Appendage        Tmut           0%         N/A       89%         1
 Ensorcelled Hibernation  Hex/Ice        0%         N/A       96%         2
 Passwall                 Tmut/Erth      0%         N/A       96%         2
 Wereblood                Tmut           0%         N/A       96%         2
 Dazzling Flash           Conj/Hex       0%         N/A       99%         3
 Ozocubu's Armour         Ice            0%         N/A       99%         3
 Spider Form              Tmut/Pois      0%         N/A       99%         3
 Swiftness                Air            0%         N/A       99%         3
 Anguish                  Hex/Necr       0%         N/A       100%        4
 Fulminant Prism          Conj/Hex       0%         3d6       100%        4
 Iskenderun's Mystic Bla  Conj/Tloc      0%         2d3       100%        4
 Agony                    Necr           0%         N/A       100%        5
 Alistair's Intoxication  Tmut/Pois      0%         N/A       100%        5
 Blade Hands              Tmut           0%         N/A       100%        5
 Freezing Cloud           Conj/Ice/Air   0%         6-21      100%        5
 Lee's Rapid Deconstruct  Erth           0%         3d5*      100%        5
 Metabolic Englaciation   Hex/Ice        0%         N/A       100%        5
 Silence                  Hex/Air        0%         N/A       100%        5
 Statue Form              Tmut/Erth      0%         N/A       100%        6
 Polar Vortex             Ice            0%         N/A       100%        9
 Simulacrum               Ice/Necr       Unusable   N/A       N/A         6

Dungeon Overview and Level Annotations

Branches:
Dungeon (15/15) Temple (1/1) D:6 Lair (5/5) D:9 Shoals (0/4) Lair:3 Snake (1/4) Lair:3 Slime (0/5) Lair:5 Orc (2/2) D:9 Elf (1/3) Orc:2 Vaults (0/5) D:13 D:14 Depths (0/4) D:15 Volcano (visited)

Altars:
Ashenzari
Cheibriados
Dithmenos
Elyvilon
Fedhas
Gozag
Hepliaklqana
Kikubaaqudgha
Makhleb
Nemelex Xobeh
Okawaru
Qazlal
Ru
Sif Muna
Trog
Uskayaw
Wu Jian
Xom
Yredelemnul
Zin
The Shining One

Shops:
D:2 [   D:5 :(   D:9 (   Orc:1 *   Orc:2 (*?*

Annotations:
Snake:1 Aizul


Message History

You are poisoned.
You miss Aizul.
Aizul is lightly wounded.
You feel very sick. Aizul hits you but does no damage. Aizul barely misses you.
You barely miss Aizul.
Aizul is lightly wounded.
You feel very sick. Aizul hits you but does no damage.
You feel better. Aizul hits you!
You slice Aizul!! You burn Aizul!
Aizul is moderately wounded.
Aizul hits you but does no damage. Aizul hits you!
* * * LOW HITPOINT WARNING * * *
Aizul attacks as you move away! Aizul closely misses you.
Blink to where?
Press: ? - help, Dir - move target
As you read the scroll of blinking, it crumbles to dust.
Aiming: Throw Flame
Press: ? - help, Shift-Dir - straight line, f - Aizul
Aim: Aizul (moderately wounded, 51% to hit)
The puff of flame hits Aizul.
Aizul is moderately wounded.
Aiming: Throw Flame
Press: ? - help, Shift-Dir - straight line, f/p - Aizul
Aim: Aizul (moderately wounded, 51% to hit)
The puff of flame hits Aizul.
Aizul is moderately wounded.
Aizul casts a spell at you. The bolt of poison hits you!
You are poisoned.
* * * LOW HITPOINT WARNING * * *
You feel very sick.
You feel very sick.
You feel very sick.
You feel very sick. Aizul casts a spell at you. The bolt of poison hits you!!
You are more poisoned.
You die...

#...........##.#
##.............
............#
#..###....#
##.#.#....#
#....#S#..#
#.....##.########
#.)...#..S...##.#
##.@...##.##...S.#
#.....##...#####.#
##.#####....#..N..#
###..#
#.....#...###
##....# ##....#.##
#####....)# ######
....###.###
.........#
.........#


You could see Aizul.

Vanquished Creatures
  Kirke (D:13)
  Roxanne (D:14)
  2 orc warlords
  The ghost of MewIchigo the Destroyer, a journeyman DgCj (Lair:5)
  The ghost of MuffinSoup the Devastator, a journeyman OpHW of Vehumet (D:15)
  Nessos (Orc:2)
  A deep elf annihilator (Orc:2)
  The ghost of Leuwkezxoe the Protected, a journeyman MiFi of Okawaru (Lair:4)
  The ghost of decrepitue the Nimble, a journeyman TeCj of Vehumet (Lair:4)
  Snorg (D:13)
  Josephine (Orc:1)
  The ghost of Zaegoraum the Carver, a journeyman DsAK of Lugonu (Lair:4)
  The ghost of Emoep the Spry, a journeyman FeSu of Gozag (D:15)
  Erolcha (D:9)
  15 hydras
  A rakshasa (D:15)
  2 boulder beetles
  Fannar (D:11)
  3 catoblepae (Lair:5)
  7 centaur warriors
  An ogre mage (D:15)
  9 two-headed ogres
  Erica (D:11)
  An orc high priest (Orc:2)
  11 death yaks
  Urug (Orc:1)
  A hell knight (Volcano)
  Nergalle (Orc:1)
  A skeletal warrior (D:14)
  Lodul (D:11)
  A salamander mystic (Volcano)
  A harpy (shapeshifter) (D:13)
  2 deep elf archers (Elf:1)
  2 lindwurms
  7 deep elf pyromancers
  2 wolf spiders
  17 ugly things
  5 orc sorcerers (Orc:2)
  3 deep elf zephyrmancers
  A wolf spider (shapeshifter) (D:15)
  2 orc knights
  6 cyclopes
  6 salamanders (Volcano)
  21 elephants
  7 manticores
  4 black mambas
  A guardian serpent (shapeshifter) (D:13)
  2 gargoyles (D:12)
  8 cane toads
  2 molten gargoyles (D:14)
  3 unseen horrors
  11 komodo dragons
  Maggie (D:7)
  Psyche (D:11)
  An efreet (D:13)
  A yaktaur (shapeshifter) (D:15)
  3 rime drakes
  12 trolls
  A polar bear (shapeshifter) (D:14)
  A queen bee (Lair:2)
  3 polar bears
  2 hornets
  13 blink frogs
  13 slime creatures
  Sigmund (D:7)
  A vampire (D:12)
  6 shadows
  3 wyverns
  8 wraiths
  19 humans (D:13)
  4 spriggans (Lair:5)
  33 yaks
  2 basilisks
  A hog (D:13)
  2 steam dragons (D:8)
  Edmund (D:7)
  8 vampire mosquitoes (D:13)
  Menkaure (D:7)
  4 wargs
  4 nagas
  14 water moccasins
  25 orc warriors
  2 ice beasts (D:5)
  3 sky beasts
  A black bear (Lair:1)
  7 wolves
  11 ogres
  A boggart (Lair:5)
  2 centaurs
  4 phantoms
  5 bullfrogs
  2 kobold brigands
  2 scorpions
  A necrophage (D:8)
  2 gnoll sergeants (D:7)
  4 wights (D:9)
  A troll zombie (D:9)
  31 killer bees
  12 howler monkeys
  2 lava snakes (D:14)
  4 jellies
  4 hounds
  26 orc priests
  5 iguanas
  34 orc wizards
  4 hell rats (Lair:4)
  7 ogre zombies (D:9)
  12 gnolls
  12 adders
  3 river rats (Lair:3)
  2 shadow imps (D:7)
  2 white imps (D:7)
  An ufetubus (D:6)
  3 worms
  4 dart slugs
  86 orcs
  4 ball pythons
  5 bats
  11 endoplasms
  3 giant cockroaches
  7 hobgoblins
  3 quokkas
  6 frilled lizards
  3 goblins
  2 goblin skeletons (D:9)
  4 goblin zombies (D:9)
  2 hobgoblin skeletons (D:9)
  3 hobgoblin zombies (D:9)
  14 kobolds
  2 orc skeletons (D:9)
  12 orc zombies (D:9)
  6 rats
  A fire vortex (D:14)
765 creatures vanquished.

Vanquished Creatures (others)
  An orc wizard (Orc:2)
  13 fungi
  30 plants
44 creatures vanquished.

Grand Total: 809 creatures vanquished

Notes
Turn   | Place    | Note
-------+----------+-------------------------------------------
     0 | D:1      | Anriel the Human Gladiator began the quest for the Orb.
     0 | D:1      | Reached XP level 1. HP: 16/16 MP: 1/1
    85 | D:1      | Reached XP level 2. HP: 21/22 MP: 2/2
   331 | D:1      | You fall into a shaft and drop 1 floor!
   364 | D:2      | Found a glowing silver altar of Zin.
   463 | D:2      | Reached XP level 3. HP: 13/27 MP: 3/3
   857 | D:2      | Reached XP level 4. HP: 23/34 MP: 4/4
   991 | D:2      | Found Xics's Antique Armour Shop.
  1506 | D:1      | Found a faded altar of an unknown god.
  1511 | D:1      | Reached skill level 1 in Armour
  2205 | D:3      | Reached skill level 4 in Long Blades
  2217 | D:3      | Reached XP level 5. HP: 39/39 MP: 5/5
  2775 | D:2      | Bought a glowing cloak for 150 gold pieces
  3111 | D:4      | Reached XP level 6. HP: 43/46 MP: 6/6
  3231 | D:4      | Reached skill level 5 in Long Blades
  3353 | D:4      | Found a glowing silver altar of Zin.
  3456 | D:5      | Entered Level 5 of the Dungeon
  3483 | D:5      | Found Moleam's Vocational Training.
  3484 | D:5      | Noticed a water moccasin
  3497 | D:5      | Killed a water moccasin
  3498 | D:5      | Reached XP level 7. HP: 48/52 MP: 7/7
  3532 | D:5      | Reached skill level 6 in Long Blades
  3617 | D:5      | Noticed a water moccasin
  3639 | D:5      | Killed a water moccasin
  3640 | D:5      | Reached XP level 8. HP: 19/58 MP: 8/8
  3835 | D:5      | Reached skill level 5 in Armour
  3842 | D:5      | Found a white marble altar of Elyvilon.
  4122 | D:5      | Found Nuiding's Antique Weapon Shop.
  4243 | D:2      | Bought a pair of gloves for 90 gold pieces
  4396 | D:6      | Noticed a yak
  4396 | D:6      | Noticed a yak
  4397 | D:6      | Noticed a yak
  4421 | D:6      | Reached skill level 7 in Long Blades
  4424 | D:6      | Noticed a yak
  4425 | D:6      | Killed a yak
  4427 | D:6      | Noticed a yak
  4429 | D:6      | Noticed a yak
  4433 | D:6      | Killed a yak
  4434 | D:6      | Reached XP level 9. HP: 41/65 MP: 9/9
  4446 | D:6      | Reached skill level 8 in Long Blades
  4486 | D:6      | Found a staircase to the Ecumenical Temple.
  4502 | Temple   | Entered the Ecumenical Temple
  4532 | Temple   | Became a worshipper of Warmaster Okawaru
  5096 | D:6      | Found a snail-covered altar of Cheibriados.
  5585 | D:6      | Identified a scroll of acquirement
  5585 | D:6      | Acquired a +2 triple sword of flaming
  5706 | D:7      | Noticed Maggie
  5725 | D:7      | Killed Maggie
  5725 | D:7      | Reached * piety under Okawaru
  5726 | D:7      | Reached skill level 5 in Fighting
  5726 | D:7      | Reached XP level 10. HP: 28/74 MP: 10/10
  5833 | D:7      | Reached skill level 9 in Long Blades
  6355 | D:7      | Found a blossoming altar of Fedhas.
  6419 | D:7      | Noticed Menkaure
  6423 | D:7      | Killed Menkaure
  6481 | D:7      | Noticed Edmund
  6495 | D:7      | Killed Edmund
  6495 | D:7      | Reached ** piety under Okawaru
  6519 | D:7      | Noticed Sigmund
  6523 | D:7      | Killed Sigmund
  6617 | D:5      | Bought a fading arbalest for 266 gold pieces
  6617 | D:5      | Identified the +5 arbalest "Pakaz" {elec, Will+ Dex+2} (You
                  | bought it in a shop on level 5 of the Dungeon)
  6772 | D:8      | Reached skill level 10 in Long Blades
  6796 | D:8      | Reached skill level 1 in Invocations
  7102 | D:9      | Found a staircase to the Orcish Mines.
  7156 | D:9      | Noticed Erolcha
  7189 | D:9      | Killed Erolcha
  7189 | D:9      | Reached *** piety under Okawaru
  7253 | D:9      | Reached XP level 11. HP: 81/81 MP: 13/13
  7262 | D:9      | Reached skill level 11 in Long Blades
  7278 | D:9      | Noticed a two-headed ogre
  7285 | D:9      | Killed a two-headed ogre
  7330 | D:9      | Noticed a white ugly thing
  7342 | D:9      | Killed a white ugly thing
  7432 | D:9      | Reached **** piety under Okawaru
  7576 | D:9      | Found Veurinomn's Antique Weapon Shop.
  7601 | D:9      | Reached skill level 1 in Ranged Weapons
  7646 | D:9      | Identified the +1 chain mail of Agoraphobia {rF+ Regen+}
  7780 | D:9      | Found a staircase to the Lair.
  8143 | D:10     | Entered Level 10 of the Dungeon
  8269 | D:10     | Noticed a two-headed ogre
  8278 | D:10     | Killed a two-headed ogre
  8279 | D:10     | Reached skill level 12 in Long Blades
  8934 | D:11     | Noticed a two-headed ogre
  8945 | D:11     | Killed a two-headed ogre
  8945 | D:11     | Reached ***** piety under Okawaru
  8946 | D:11     | Reached skill level 10 in Armour
  8997 | D:11     | Reached skill level 5 in Invocations
  9043 | D:11     | Reached XP level 12. HP: 81/89 MP: 15/15
  9174 | D:11     | Noticed Lodul
  9207 | D:11     | Killed Lodul
  9221 | D:11     | Noticed Psyche
  9226 | D:11     | Killed Psyche
  9368 | D:11     | Noticed Erica
  9381 | D:11     | Killed Erica
  9381 | D:11     | Received a gift from Okawaru
  9435 | D:11     | Noticed Fannar
  9458 | D:11     | Killed Fannar
  9459 | D:11     | Reached skill level 13 in Long Blades
  9537 | D:11     | Noticed a two-headed ogre
  9544 | D:11     | Killed a two-headed ogre
  9807 | D:12     | Noticed a two-headed ogre
  9817 | D:12     | Killed a two-headed ogre
  9873 | D:12     | Noticed a five-headed hydra
  9881 | D:12     | Killed a two-headed hydra
 10029 | D:12     | Noticed a six-headed hydra
 10039 | D:12     | Killed a one-headed hydra
 10183 | D:12     | Reached XP level 13. HP: 98/98 MP: 18/18
 10262 | D:12     | Noticed a boulder beetle
 10277 | D:12     | Killed a boulder beetle
 10496 | D:13     | Noticed an eight-headed hydra
 10506 | D:13     | Killed a two-headed hydra
 10506 | D:13     | Identified the +1 pair of gloves of Oddiell {Str+4 Stlth+}
                  | (Okawaru gifted it to you on level 13 of the Dungeon)
 10506 | D:13     | Received a gift from Okawaru
 10675 | D:13     | Noticed Kirke
 10680 | D:13     | Reached skill level 14 in Long Blades
 10697 | D:13     | Killed Kirke
 10703 | D:13     | Noticed an eight-headed hydra
 10732 | D:13     | Killed a three-headed hydra
 10826 | D:13     | Noticed a centaur warrior
 10834 | D:13     | Killed a centaur warrior
 11116 | D:13     | Noticed a seven-headed hydra
 11124 | D:13     | Killed a three-headed hydra
 11292 | D:13     | Noticed Snorg
 11306 | D:13     | Killed Snorg
 11437 | D:14     | Noticed a centaur warrior
 11437 | D:14     | Noticed a centaur warrior
 11437 | D:14     | Found a gate to the Vaults.
 11445 | D:13     | Killed a centaur warrior
 11466 | D:13     | Reached skill level 15 in Long Blades
 11485 | D:13     | Reached XP level 14. HP: 68/106 MP: 15/20
 11503 | D:13     | Received a gift from Okawaru
 11567 | D:14     | Identified Roxanne's Anthology of Transformation
 11567 | D:14     | Noticed Roxanne
 11671 | D:14     | Killed Roxanne
 12060 | D:14     | Reached skill level 5 in Ranged Weapons
 12304 | D:14     | Reached ****** piety under Okawaru
 12328 | D:14     | Identified the +1 pair of boots of the Divine God {Regen+}
                  | (Okawaru gifted it to you on level 14 of the Dungeon)
 12328 | D:14     | Received a gift from Okawaru
 12420 | D:15     | Entered Level 15 of the Dungeon
 12514 | D:15     | Identified the +10 rapier of Valour {vorpal, *Slow Will+
                  | Dex+3}
 12742 | D:15     | Reached skill level 16 in Long Blades
 12874 | D:15     | Found a staircase to the Depths.
 12916 | D:15     | Identified the +1 robe of Yvih {Stlth+}
 12947 | D:15     | Found an iron altar of Okawaru.
 13070 | D:15     | Reached XP level 15. HP: 97/114 MP: 22/22
 13149 | D:15     | Found a runed translucent gate.
 13149 | D:15     | Found a runed translucent gate.
 13149 | D:15     | Found a runed translucent gate.
 13149 | D:15     | Noticed Emoep's ghost (journeyman FeSu)
 13150 | D:15     | Noticed MuffinSoup's ghost (journeyman OpHW)
 13150 | D:15     | Found the +2 cloak of the Thief {*Fog Slay-2 SInv Stlth+}
 13201 | D:15     | Killed MuffinSoup's ghost
 13209 | D:15     | Killed Emoep's ghost
 13210 | D:15     | Reached skill level 10 in Invocations
 13675 | Lair:1   | Entered Level 1 of the Lair of Beasts
 13877 | Lair:1   | Reached skill level 1 in Evocations
 13936 | Lair:1   | Received a gift from Okawaru
 14306 | Lair:1   | Reached skill level 10 in Fighting
 14780 | Lair:2   | Found a dark tunnel.
 14828 | Volcano  | Entered a volcano
 15059 | Volcano  | Received a gift from Okawaru
 15317 | Lair:2   | Reached skill level 17 in Long Blades
 16091 | Lair:3   | Received a gift from Okawaru
 16099 | Lair:3   | Identified the +7 flail of Lebun {distort, rElec Will+
                  | rCorr Int-3}
 16720 | Lair:3   | Found a staircase to the Shoals.
 16905 | Lair:3   | Reached XP level 16. HP: 123/123 MP: 23/23
 16905 | Lair:3   | Found a staircase to the Snake Pit.
 17582 | Lair:4   | Found a runed translucent gate.
 17582 | Lair:4   | Found a runed translucent gate.
 17583 | Lair:4   | Found a runed translucent gate.
 17587 | Lair:4   | Noticed decrepitue's ghost (journeyman TeCj)
 17587 | Lair:4   | Noticed Leuwkezxoe's ghost (journeyman MiFi)
 17587 | Lair:4   | Noticed Zaegoraum's ghost (journeyman DsAK)
 17735 | Lair:4   | Killed decrepitue's ghost
 17735 | Lair:4   | Identified the +0 hat of the Black Moon {Int+7 Dex+3}
                  | (Okawaru gifted it to you on level 4 of the Lair of Beasts)
 17735 | Lair:4   | Received a gift from Okawaru
 17742 | Lair:4   | Killed Zaegoraum's ghost
 17747 | Lair:4   | Killed Leuwkezxoe's ghost
 17812 | Lair:5   | Entered Level 5 of the Lair of Beasts
 17893 | Lair:4   | Reached skill level 5 in Evocations
 17999 | Lair:5   | Found a runed translucent door.
 18002 | Lair:5   | Found a staircase to the Slime Pits.
 18403 | Lair:5   | Reached skill level 18 in Long Blades
 18599 | Lair:5   | Received a gift from Okawaru
 18783 | Lair:5   | Identified the +8 spear "Loewaomo" {vorpal, Drain rN+
                  | Str+3}
 18898 | Lair:5   | Found a runed translucent door.
 18899 | Lair:5   | Noticed MewIchigo's ghost (journeyman DgCj)
 19003 | Lair:5   | Killed MewIchigo's ghost
 19301 | D:15     | Acquired the ring "Goklum" {+Blink Str+4 Dex+6 Stlth-}
 19432 | Orc:1    | Entered Level 1 of the Orcish Mines
 19466 | Orc:1    | Noticed Nergalle
 19495 | Orc:1    | Killed Nergalle
 19722 | Orc:2    | Entered Level 2 of the Orcish Mines
 19768 | Orc:2    | Found a flickering gateway to a bazaar.
 19813 | Bazaar   | Entered a bazaar
 19813 | Bazaar   | Found Woorocei's Armour Boutique.
 19813 | Bazaar   | Found Mosor's Magic Scroll Boutique.
 19813 | Bazaar   | Found Sotao's General Store.
 19813 | Bazaar   | Found Inenko's Book Shop.
 19813 | Bazaar   | Found Dusotz's Assorted Antiques.
 19824 | Bazaar   | Bought a potion of heal wounds for 80 gold pieces
 19826 | Bazaar   | Bought a scroll labelled TOCSAX REXTAE for 24 gold pieces
 19826 | Bazaar   | Bought a scroll of enchant armour for 180 gold pieces
 19826 | Bazaar   | Bought 3 scrolls of enchant weapon for 540 gold pieces
 19826 | Bazaar   | Bought a wand of flame (14) for 235 gold pieces
 19831 | Bazaar   | Bought 2 scrolls of teleportation for 72 gold pieces
 19831 | Bazaar   | Bought a scroll of teleportation for 36 gold pieces
 19923 | Orc:2    | Reached XP level 17. HP: 121/131 MP: 24/24
 20078 | Orc:2    | Found Sesiriot's Magic Scroll Emporium.
 20078 | Orc:2    | Found Futef's Antique Weapon Shoppe.
 20080 | Orc:2    | Found Umohupp's Assorted Antiques.
 20083 | Orc:2    | Found Ryiniolo's Assorted Antiques.
 20122 | Orc:2    | Bought a heavily runed copper ring for 145 gold pieces
 20122 | Orc:2    | Identified the ring "Sigell" {Wiz Slay+2} (You bought it in
                  | a shop on level 2 of the Orcish Mines)
 20123 | Orc:2    | Bought a scroll of noise for 13 gold pieces
 20126 | Orc:2    | Bought a scroll of silence for 123 gold pieces
 20126 | Orc:2    | Bought a scroll of fear for 52 gold pieces
 20126 | Orc:2    | Bought a scroll of fear for 52 gold pieces
 20135 | Orc:2    | Noticed Nessos
 20185 | Orc:2    | Killed Nessos
 20220 | Orc:2    | Found a staircase to the Elven Halls.
 20592 | Orc:1    | Noticed Urug
 20595 | Orc:1    | Killed Urug
 20702 | Orc:1    | Noticed Josephine
 20708 | Orc:1    | Killed Josephine
 20750 | Orc:1    | Found Essufung's Assorted Antiques.
 20840 | Orc:1    | Bought a scroll of blinking for 217 gold pieces
 20840 | Orc:1    | Bought a potion of haste for 290 gold pieces
 20919 | Elf:1    | Entered Level 1 of the Elven Halls
 21232 | Snake:1  | Entered Level 1 of the Snake Pit
 21317 | Snake:1  | Noticed Aizul
 21337 | Snake:1  | Killed from afar by Aizul

Illustrated notes

Levels and vault maps discovered:
D:1:      minmay_arrival_loop, layout_loops_corners,
          hellmonk_ecumenical_altar_zigzags
D:2:      layout_loops_corners, basic_altar, serial_shops,
          nicolae_shop_statue_plus
D:3:      layout_loops_cross
D:4:      layout_basic, kennysheep_mini
D:5:      layout_gridville, nicolae_elyvilon_temple_path, serial_shops,
          nicolae_shop_crystal, nicolae_shop_vocational
D:6:      layout_basic, kennysheep_slug_shrine, minmay_temple_entry_glass
D:7:      minmay_angry_zag, layout_loops_ring, mainiacjoe_overflow_tiny_flanked,
          sigmund_edmund_badplayer, uniq_maggie, uniq_menkaure
D:8:      layout_basic, vehumet_statue
D:9:      layout_basic, lair_entry_dummy, zombieorc2_lemuel, serial_shops,
          nicolae_shop_behind_doors, uniq_erolcha
D:10:     layout_long_grid
D:11:     layout_cave_pools, st_stairs_4, uniq_erica, uniq_lodul, uniq_psyche,
          uniq_fannar
D:12:     layout_irregular_city, st_stairs_7
D:13:     layout_basic, minmay_misc_feat_alley, uniq_kirke, uniq_snorg
D:14:     kennysheep_big_flooded_room, layout_basic, david_vaults_3,
          uniq_roxanne
D:15:     hangedman_depths_entry_try_elsewhere_first, layout_loops_ring,
          okawaru_metal_pillars_1_2, gammafunk_ghost_cemetery,
          serial_bayou_crossing
Temple:   minmay_crystal_spiral_temple
Lair:1:   layout_small_grid, chequers_serial_rivers_large_a, lemuel_fruit_tree
Lair:2:   layout_roguey [special_room_bee], nicolae_volcano_entry_vermiform
Lair:3:   layout_regular_city, elwin_shoals_entry_rocks,
          minmay_snake_entry_guardpost_small, pond
Lair:4:   layout_long_grid, gammafunk_ghost_cemetery
Lair:5:   evilmike_catoblepas_cave, layout_regular_city, slime_entry_2,
          ebering_ghost_funeral_grove, minivault_25, st_stairs_6,
          grunt_forest_large_clearing_hut
Snake:1:  layout_honeycomb, st_stairs_3, uniq_jorgrun, uniq_aizul
Orc:1:    layout_caves, serial_shops, nicolae_shop_waterfront, uniq_nergalle,
          uniq_josephine, uniq_urug
Orc:2:    st_orc_mages, layout_caves, serial_shops, bzr_entry_lakeside,
          uniq_nessos
Elf:1:    eino_elf_arrival_the_gate, layout_geoelf_grid, minmay_elf_sorcery,
          st_stairs_1

Skill      XL: |  1  2  3  4  5  6  7  8  9 10 11 12 13 14 15 16 17 |
---------------+----------------------------------------------------+-----
Armour         | 1 2 3 4 6 8 9 10 11 12 13 14 | 14.3
Long Blades    | 4 5 6 7 8 10 12 13 15 16 17 18 | 18.5
Fighting       | 3 4 5 6 7 8 9 10 11 | 11.6
Dodging        | 4 |  4.8
Invocations    | 2 5 7 8 9 10 | 10.2
Ranged Weapons | 2 3 4 6 7 9 |  9.8
Evocations     | 4 7 8 |  8.1
Throwing       | |  2.6

Action                   |  1- 3 |  4- 6 |  7- 9 | 10-12 | 13-15 | 16-18 || total
-------------------------+-------+-------+-------+-------+-------+-------++-------
Melee: Long sword        |    66 |   188 |   231 |     2 |   126 |       ||   613
       Punch             |     1 |     3 |     3 |       |     5 |       ||    12
       Triple sword      |       |       |    32 |   458 |   813 |   614 ||  1917
 Fire: Arbalest          |       |       |       |    66 |   109 |   137 ||   312
       Triple crossbow   |       |       |       |       |     6 |       ||     6
Throw: Javelin           |     8 |     3 |       |    10 |     6 |       ||    27
       Boomerang         |     5 |     1 |       |       |       |       ||     6
Invok: Heroism           |       |       |       |     6 |    10 |     4 ||    20
       Finesse           |       |       |       |     4 |     8 |     4 ||    16
 Abil: Evoke Blink       |       |       |       |       |       |     1 ||     1
Evoke: Wand              |       |       |       |     2 |     3 |     4 ||     9
  Use: Scroll            |       |    15 |     8 |     4 |    12 |    11 ||    50
       Potion            |       |       |     3 |     6 |     7 |     9 ||    25
 Stab: Invisible         |       |       |       |       |       |     1 ||     1
Armor: Leather armour    |     2 |       |       |       |       |       ||     2
       Chain mail        |    26 |   157 |   140 |       |       |       ||   323
       Plate armour      |       |       |    46 |   325 |   653 |   489 ||  1513
       Skin              |       |       |       |     4 |       |       ||     4
Dodge: Dodged            |    25 |    72 |   104 |   222 |   727 |   625 ||  1775
